TOP OF THE 1ST |
Salem Sledgehammers batting - Pitching for Saskatoon Smokin' Guns : RHP Sloan Numbers
|
Pitching: RHP Sloan Numbers
|
|
Batting: RHB Luis Bustamante
|
0-0: Ball 1-0: Ball 2-0: Ball 3-0: Base on Balls
|
Batting: SHB Enrique Uribe
|
0-0: Ball 1-0: Foul Ball, location: 2F 1-1: Called Strike 1-2: Ball 2-2: Strikes out swinging
|
Batting: LHB Nathan Frey
|
0-0: Called Strike 0-1: Swinging Strike 0-2: Fielders Choice at 2nd, 6-4 (Groundball, 6)
|
Batting: SHB Richard Griffin
|
0-0: Called Strike 0-1: Foul Ball, location: 2F 0-2: Ball 1-2: SINGLE (Line Drive, 8RS) Nathan Frey to second
|
Batting: RHB Bobby Miller
|
0-0: Ball 1-0: Ball 2-0: Called Strike 2-1: Fly out, F9 (Flyball, 9S)
|
Top of the 1st over - 0 run(s), 1 hit(s), 0 error(s), 2 left on base; Salem 0 - Saskatoon 0 |
TOP OF THE 2ND |
Salem Sledgehammers batting - Pitching for Saskatoon Smokin' Guns : RHP Sloan Numbers
|
Batting: SHB Júlio Salazar
|
0-0: Ground out U3 (Groundball, 34)
|
Batting: RHB Patrick Daniels
|
0-0: Swinging Strike 0-1: Foul Ball, location: 2F 0-2: Strikes out swinging
|
Batting: RHB Gilberto Silva
|
0-0: Ball 1-0: Ball 2-0: Foul Ball, location: 2F 2-1: Ball 3-1: DOUBLE (Flyball, 8RXD)
|
Batting: RHB Lakota O'Reilly
|
0-0: Foul Ball, location: 2F 0-1: Ground out 4-3 (Groundball, 4)
|
Top of the 2nd over - 0 run(s), 1 hit(s), 0 error(s), 1 left on base; Salem 0 - Saskatoon 1 |
BOTTOM OF THE 2ND |
Saskatoon Smokin' Guns batting - Pitching for Salem Sledgehammers : RHP Guillermo Martínez
|
Batting: RHB Joe Lewis
|
0-0: Called Strike 0-1: Called Strike 0-2: Ball 1-2: Strikes out swinging
|
Batting: RHB Julián García
|
0-0: Called Strike 0-1: Swinging Strike 0-2: Foul Ball, location: 2F 0-2: Strikes out swinging
|
Batting: RHB Henry Jackson
|
0-0: Ground out 5-3 (Groundball, 56)
|
Bottom of the 2nd over - 0 run(s), 0 hit(s), 0 error(s), 0 left on base; Salem 0 - Saskatoon 1 |
TOP OF THE 3RD |
Salem Sledgehammers batting - Pitching for Saskatoon Smokin' Guns : RHP Sloan Numbers
|
Batting: RHB Luis Bustamante
|
0-0: Foul Ball, location: 2F 0-1: Fly out, F8 (Flyball, 8RM)
|
Batting: SHB Enrique Uribe
|
0-0: Ball 1-0: Ball 2-0: Foul Ball, location: 2F 2-1: Foul Ball, location: 2F 2-2: SINGLE (Groundball, 23) (infield hit)
|
Batting: LHB Nathan Frey
|
0-0: Swinging Strike 0-1: Ball 1-1: Swinging Strike 1-2: Ball Enrique Uribe steals 2nd base 2-2: Strikes out swinging
|
Batting: SHB Richard Griffin
|
0-0: Foul Ball, location: 2F 0-1: Ground out 1-3 (Groundball, 13S)
|
Top of the 3rd over - 0 run(s), 1 hit(s), 0 error(s), 1 left on base; Salem 0 - Saskatoon 1 |
BOTTOM OF THE 3RD |
Saskatoon Smokin' Guns batting - Pitching for Salem Sledgehammers : RHP Guillermo Martínez
|
Batting: RHB Brendon Little
|
0-0: Called Strike 0-1: Swinging Strike 0-2: Foul Ball, location: 2F 0-2: Foul Ball, location: 2F 0-2: Strikes out swinging
|
Batting: RHB José Chávez
|
0-0: Ball 1-0: Ball 2-0: Ball 3-0: Base on Balls
|
Batting: RHB Travis Colbert
|
0-0: Called Strike 0-1: Swinging Strike 0-2: Ball 1-2: Strikes out swinging
|
Batting: SHB Michael Miller
|
0-0: Ball 1-0: Ball 2-0: Fly out, F6 (Popup, 56D)
|
Bottom of the 3rd over - 0 run(s), 0 hit(s), 0 error(s), 1 left on base; Salem 0 - Saskatoon 1 |
TOP OF THE 4TH |
Salem Sledgehammers batting - Pitching for Saskatoon Smokin' Guns : RHP Sloan Numbers
|
Batting: RHB Bobby Miller
|
0-0: Ball 1-0: Ball 2-0: Ball 3-0: Called Strike 3-1: Swinging Strike 3-2: Base on Balls
|
Batting: SHB Júlio Salazar
|
0-0: Fielders Choice at 2nd, 6-4 (Groundball, 6M)
|
Batting: RHB Patrick Daniels
|
0-0: Ball 1-0: Called Strike 1-1: Ball 2-1: Called Strike Júlio Salazar steals 2nd base 2-2: SINGLE (Groundball, 4S) (infield hit) Júlio Salazar to third
|
Batting: RHB Gilberto Silva
|
0-0: Ball 1-0: Ball 2-0: SINGLE (Groundball, 56) (infield hit) Júlio Salazar scores Patrick Daniels to second
|
Batting: RHB Lakota O'Reilly
|
0-0: Foul Ball, location: 2F 0-1: Foul Ball, location: 2F 0-2: Foul Ball, location: 2F 0-2: Strikes out swinging
|
Batting: RHB Luis Bustamante
|
0-0: Fielders Choice at 2nd, 5-4 (Groundball, 56)
|
Top of the 4th over - 1 run(s), 2 hit(s), 0 error(s), 1 left on base; Salem 1 - Saskatoon 1 |
BOTTOM OF THE 4TH |
Saskatoon Smokin' Guns batting - Pitching for Salem Sledgehammers : RHP Guillermo Martínez
|
Batting: RHB César Rodríguez
|
0-0: Ball 1-0: Called Strike 1-1: Ball 2-1: Called Strike 2-2: Ball 3-2: Base on Balls
|
Batting: LHB Bo Rush
|
0-0: Ball 1-0: Ground out 4-3 (Groundball, 34D) César Rodríguez to second
|
Batting: RHB Joe Lewis
|
0-0: SINGLE (Flyball, 8RS) César Rodríguez to third Runner from 3rd tries for Home, SAFE, no throw
|
Batting: RHB Julián García
|
0-0: Ball 1-0: Ball 2-0: Called Strike 2-1: Ball 3-1: Called Strike 3-2: Base on Balls Joe Lewis to second
|
Batting: RHB Henry Jackson
|
0-0: Fielders Choice at 2nd, 4-6 (Groundball, 4) Joe Lewis to third
|
Batting: RHB Brendon Little
|
0-0: Ball 1-0: Swinging Strike 1-1: Ball 2-1: Swinging Strike 2-2: SINGLE (Line Drive, 89S) Joe Lewis scores Henry Jackson to second Runner from 2nd tries for 3rd, SAFE, throw made to third
|
Batting: RHB José Chávez
|
0-0: Foul Ball, location: 2F 0-1: SINGLE (Groundball, 56D) Henry Jackson scores Brendon Little to second
|
Batting: RHB Travis Colbert
|
0-0: Foul Ball, location: 2F 0-1: Fly out, F9 (Flyball, 89M)
|
Bottom of the 4th over - 3 run(s), 3 hit(s), 0 error(s), 2 left on base; Salem 1 - Saskatoon 4 |
TOP OF THE 5TH |
Salem Sledgehammers batting - Pitching for Saskatoon Smokin' Guns : RHP Sloan Numbers
|
Batting: SHB Enrique Uribe
|
0-0: Ball 1-0: Ground out U3 (Groundball, 34)
|
Batting: LHB Nathan Frey
|
0-0: Ball 1-0: Ball 2-0: Called Strike 2-1: DOUBLE (Groundball, 3L)
|
Batting: SHB Richard Griffin
|
0-0: Ball 1-0: Swinging Strike 1-1: Foul Ball, location: 2F 1-2: Strikes out looking
|
Batting: RHB Bobby Miller
|
0-0: Called Strike 0-1: Ball 1-1: Foul Ball, location: 2F 1-2: Foul Ball, location: 2F 1-2: Ball 2-2: Ball 3-2: SINGLE (Groundball, 6MD) Nathan Frey to third Nathan Frey scores
|
Batting: SHB Júlio Salazar
|
0-0: Fly out, F9 (Flyball, 9S)
|
Top of the 5th over - 1 run(s), 2 hit(s), 0 error(s), 1 left on base; Salem 2 - Saskatoon 4 |
BOTTOM OF THE 5TH |
Saskatoon Smokin' Guns batting - Pitching for Salem Sledgehammers : RHP Guillermo Martínez
|
Pitching: LHP Ken Johnston
|
|
Batting: SHB Michael Miller
|
0-0: Foul Ball, location: 2F 0-1: Swinging Strike 0-2: Ball 1-2: Ball 2-2: Strikes out swinging
|
Batting: RHB César Rodríguez
|
0-0: Ball 1-0: Called Strike 1-1: Ball 2-1: Ball 3-1: Base on Balls
|
Batting: LHB Bo Rush
|
0-0: Ball César Rodríguez steals 2nd base 1-0: Intentional Walk
|
Batting: RHB Joe Lewis
|
0-0: Swinging Strike 0-1: Called Strike 0-2: Foul Ball, location: 2F 0-2: Ball 1-2: Strikes out swinging
|
Batting: RHB Julián García
|
0-0: Called Strike 0-1: Ball 1-1: Ball 2-1: Foul Ball, location: 2F 2-2: Fielders Choice at 2nd, 6-4 (Groundball, 6)
|
Bottom of the 5th over - 0 run(s), 0 hit(s), 0 error(s), 1 left on base; Salem 2 - Saskatoon 4 |
TOP OF THE 6TH |
Salem Sledgehammers batting - Pitching for Saskatoon Smokin' Guns : RHP Sloan Numbers
|
Batting: RHB Patrick Daniels
|
0-0: Ball 1-0: Ball 2-0: Called Strike 2-1: SOLO HOME RUN (Flyball, 7D), Distance : 430 ft
|
Pitching: RHP Guy Farinelli
|
|
Batting: RHB Gilberto Silva
|
0-0: Ball 1-0: Ball 2-0: Ground out 6-3 (Groundball, 6)
|
Batting: RHB Lakota O'Reilly
|
0-0: Called Strike 0-1: Ball 1-1: Called Strike 1-2: Ground out 1-3 (Groundball, 15S)
|
Batting: RHB Luis Bustamante
|
0-0: Foul Ball, location: 2F 0-1: Foul Ball, location: 2F 0-2: Strikes out looking
|
Top of the 6th over - 1 run(s), 1 hit(s), 0 error(s), 0 left on base; Salem 3 - Saskatoon 4 |
BOTTOM OF THE 6TH |
Saskatoon Smokin' Guns batting - Pitching for Salem Sledgehammers : LHP Ken Johnston
|
Batting: RHB Henry Jackson
|
0-0: Called Strike 0-1: Ball 1-1: Foul Ball, location: 2F 1-2: Ball 2-2: Ball 3-2: Strikes out swinging
|
Batting: RHB Brendon Little
|
0-0: Called Strike 0-1: Swinging Strike 0-2: Foul Ball, location: 2F 0-2: Strikes out looking
|
Batting: RHB José Chávez
|
0-0: Ball 1-0: Swinging Strike 1-1: Ball 2-1: Ball 3-1: Base on Balls
|
Batting: RHB Travis Colbert
|
0-0: Fly out, F9 (Line Drive, 9)
|
Bottom of the 6th over - 0 run(s), 0 hit(s), 0 error(s), 1 left on base; Salem 3 - Saskatoon 4 |
TOP OF THE 7TH |
Salem Sledgehammers batting - Pitching for Saskatoon Smokin' Guns : RHP Guy Farinelli
|
Batting: SHB Enrique Uribe
|
0-0: Called Strike 0-1: Ball 1-1: Swinging Strike 1-2: Strikes out looking
|
Batting: LHB Nathan Frey
|
0-0: Foul Ball, location: 2F 0-1: Ball 1-1: Ball 2-1: Ball 3-1: Foul Ball, location: 2F 3-2: Base on Balls
|
Batting: SHB Richard Griffin
|
0-0: Called Strike 0-1: Grounds into double play, 6-4-3 (Groundball, 56)
|
Top of the 7th over - 0 run(s), 0 hit(s), 0 error(s), 0 left on base; Salem 3 - Saskatoon 4 |
BOTTOM OF THE 7TH |
Saskatoon Smokin' Guns batting - Pitching for Salem Sledgehammers : LHP Ken Johnston
|
Batting: SHB Michael Miller
|
0-0: Swinging Strike 0-1: Ball 1-1: Swinging Strike 1-2: Foul Ball, location: 2F 1-2: Hit by Pitch
|
Batting: RHB César Rodríguez
|
0-0: Called Strike Michael Miller steals 2nd base 0-1: Ball 1-1: Intentional Walk
|
Batting: LHB Bo Rush
|
0-0: Ball 1-0: Foul Ball, location: 2F 1-1: SINGLE (Line Drive, 6D) Michael Miller to third César Rodríguez to second Runner from 3rd tries for Home, throw and OUT!
|
Pinch Hitting: RHB Rijk de Rade
|
0-0: Called Strike César Rodríguez steals 3rd base Bo Rush to second 0-1: Ball 1-1: Intentional Walk
|
Pinch Hitting: RHB Juan Chávez
|
0-0: Foul Ball, location: 2F 0-1: Ball 1-1: Ball 2-1: Ball 3-1: Fly out, F8 (Flyball, 8RS) Runner from 3rd tags up, SCORES, throw made
|
Pinch Hitting: LHB Alejandro Rojas
|
0-0: Ball 1-0: Ball 2-0: Ball 3-0: Called Strike 3-1: Base on Balls Bo Rush to third Rijk de Rade to second
|
Batting: RHB Brendon Little
|
0-0: Called Strike 0-1: Foul Ball, location: 2F 0-2: Ball 1-2: Ball 2-2: Strikes out swinging
|
Bottom of the 7th over - 1 run(s), 1 hit(s), 0 error(s), 3 left on base; Salem 3 - Saskatoon 5 |
TOP OF THE 8TH |
Salem Sledgehammers batting - Pitching for Saskatoon Smokin' Guns : RHP Guy Farinelli
|
Now at 2B: Rijk de Rade
|
|
Now at SS: Carlos Perneta
|
|
Now in RF: Alejandro Rojas
|
|
Batting: RHB Bobby Miller
|
0-0: Ball 1-0: Ball 2-0: Foul Ball, location: 2F 2-1: Ground out 5-3 (Groundball, 56)
|
Batting: SHB Júlio Salazar
|
0-0: Ball 1-0: Ball 2-0: Ball 3-0: Base on Balls
|
Pitching: RHP Bernardo García
|
|
Batting: RHB Patrick Daniels
|
0-0: Called Strike 0-1: Ball 1-1: Ball 2-1: Foul Ball, location: 2F 2-2: Foul Ball, location: 2F 2-2: Ball 3-2: Strikes out swinging
|
Batting: RHB Gilberto Silva
|
0-0: Called Strike 0-1: Fly out, F9 (Flyball, 89D)
|
Top of the 8th over - 0 run(s), 0 hit(s), 0 error(s), 1 left on base; Salem 3 - Saskatoon 5 |
BOTTOM OF THE 8TH |
Saskatoon Smokin' Guns batting - Pitching for Salem Sledgehammers : LHP Ken Johnston
|
Batting: RHB José Chávez
|
0-0: Foul Ball, location: 2F 0-1: SINGLE (Groundball, 6MD)
|
Batting: RHB Travis Colbert
|
0-0: TRIPLE (Flyball, 8LD) José Chávez scores
|
Pitching: LHP Alberto Pagán
|
|
Batting: SHB Michael Miller
|
0-0: Foul Ball, location: 2F 0-1: Called Strike 0-2: Foul Ball, location: 2F 0-2: Ball 1-2: Ground out 6-3 (Groundball, 6)
|
Batting: RHB César Rodríguez
|
0-0: Intentional Walk
|
Batting: LHB Bo Rush
|
0-0: Called Strike 0-1: Foul Ball, location: 2F 0-2: Ball 1-2: Strikes out looking
|
Batting: RHB Rijk de Rade
|
0-0: Ball 1-0: Ball 2-0: Ball 3-0: Base on Balls César Rodríguez to second
|
Batting: LHB Carlos Perneta
|
0-0: Called Strike 0-1: Fly out, F7 (Flyball, 7)
|
Bottom of the 8th over - 1 run(s), 2 hit(s), 0 error(s), 3 left on base; Salem 3 - Saskatoon 6 |
TOP OF THE 9TH |
Salem Sledgehammers batting - Pitching for Saskatoon Smokin' Guns : RHP Bernardo García
|
Pitching: RHP Melvin Hicks
|
|
Batting: RHB Lakota O'Reilly
|
0-0: Called Strike 0-1: Ball 1-1: Foul Ball, location: 2F 1-2: Strikes out swinging
|
Batting: RHB Luis Bustamante
|
0-0: Ball 1-0: Fly out, F4 (Popup, 4D)
|
Batting: SHB Enrique Uribe
|
0-0: Ball 1-0: Called Strike 1-1: Foul Ball, location: 2F 1-2: Ball 2-2: Foul Ball, location: 2F 2-2: Foul Ball, location: 2F 2-2: Ball 3-2: Strikes out looking
|
Top of the 9th over - 0 run(s), 0 hit(s), 0 error(s), 0 left on base; Salem 3 - Saskatoon 6 |
|